 Dungeon Crawl Stone Soup version 0.19-a0-1627-gc26532d (webtiles) character file.

32 FrankyJ the Conjurer (level 3, 0/34 HPs)
             Began as a High Elf Conjurer on Sept 18, 2016.
             Succumbed to an adder's poison
             ... on level 2 of the Dungeon.
             The game lasted 00:03:37 (1438 turns).

FrankyJ the Conjurer (High Elf Conjurer)            Turns: 1438, Time: 00:03:38

Health: 0/34       AC:  2    Str: 13    XL:     3   Next: 10%
Magic:  4/9        EV: 13    Int: 18    God:
Gold:   67         SH:  0    Dex: 16    Spells: 2 memorised, 6 levels left

rFire  . . .     SeeInvis .     l - +0 dagger (venom)
rCold  . . .     Gourm    .     a - +0 robe
rNeg   . . .     Faith    .     (no shield)
rPois  .         Spirit   .     (no helmet)
rElec  .         Dismiss  +     (no cloak)
rCorr  .         Reflect  .     (no gloves)
MR     .....     Harm     .     (no boots)
Stlth  ..........               f - amulet of dismissal
                                (no ring)
                                (no ring)

@: berserking, lethally poisoned (0 -> -2), very quick
A: no striking features
a: no special abilities


You were on level 2 of the Dungeon.
You were not hungry.

You visited 1 branch of the dungeon, and saw 2 of its levels.

You collected 67 gold pieces.

Inventory:

Hand Weapons
 l - a +0 dagger of venom (weapon)
Missiles
 h - 27 sling bullets
Armour
 a - a +0 robe (worn)
Jewellery
 f - an amulet of dismissal (around neck)
Scrolls
 d - 5 scrolls of remove curse {unknown}
 g - a scroll of fog {unknown}
 j - 3 scrolls of immolation {unknown}
 o - a scroll of magic mapping {unknown}
 p - 2 scrolls of identify {unknown}
Potions
 i - a potion of brilliance {unknown}
 n - a potion of degeneration {unknown}
Books
 b - a book of Conjurations

   Spells                             Type                      Level
   a - Magic Dart                     Conjuration                  1
   b - Searing Ray                    Conjuration                  2
   c - Dazzling Spray                 Conjuration/Hexes            3
   d - Fulminant Prism                Conjuration/Hexes            4
   e - Iskenderun's Mystic Blast      Conjuration                  4
   f - Iskenderun's Battlesphere      Conjuration/Charms           5
Comestibles
 c - a bread ration
 k - 3 fruits
 m - 3 meat rations
 q - a chunk of flesh


   Skills:
 + Level 1.0 Fighting
   Level 0.1 Maces & Flails
 - Level 2.1 Dodging
 - Level 2.1 Stealth
 * Level 3.5 Spellcasting
 + Level 4.5 Conjurations


You had 6 spell levels left.
You knew the following spells:

 Your Spells              Type           Power        Failure   Level  Hunger
a - Magic Dart            Conj           ###.         2%          1    None
b - Searing Ray           Conj           ###...       4%          2    ##.....


Dungeon Overview and Level Annotations

Branches:
Dungeon (2/15)

Altars:


Message History

Casting: Magic Dart
Confirm with . or Enter, or press ? or * to list all spells.
Aiming: Searing Ray
Press: ? - help, Shift-Dir - straight line, f/p - adder
Aim: an adder (severely wounded, poisoned)
The searing ray misses the adder.
* * * LOW HITPOINT WARNING * * *
You feel sick. The adder closely misses you.
The searing ray hits the adder.
You kill the adder!
You have reached level 3!
Your experience leads to an increase in your attributes!
Increase (S)trength, (I)ntelligence, or (D)exterity?
You feel stronger.
You feel agile.
It was a potion of berserk rage.
A red film seems to cover your vision as you go berserk!
You feel yourself moving faster!
You feel mighty!
You are too berserk!
You feel a strong urge to attack something.
You die...

#. #.## ##### #. ...
.... #.##.# #.. #.##.##
#.#
#######.##..####.#######
...............@......>
#..........###.#.#####
#........#.# #...#
#........#.# #.###
#####.####.# #.#
#######.# #.. #.#
........# ##. #.#
######### ..#.# ...# #.


There were no monsters in sight!

Vanquished Creatures
  An adder (D:2)
  6 bats (D:1)
  4 giant cockroaches (D:1)
  A goblin (D:1)
  4 hobgoblins
  A frilled lizard (D:1)
  2 kobolds (D:1)
  4 rats (D:1)
23 creatures vanquished.

Notes
Turn   | Place    | Note
-------+----------+-------------------------------------------
     0 | D:1      | FrankyJ the High Elf Conjurer began the quest for the Orb.
     0 | D:1      | Reached XP level 1. HP: 11/11 MP: 4/4
   636 | D:1      | Reached XP level 2. HP: 18/18 MP: 5/7
   640 | D:1      | Learned a level 2 spell: Searing Ray
  1327 | D:2      | Reached skill level 1 in Fighting
  1435 | D:2      | Reached XP level 3. HP: 1/23 MP: 5/9
  1438 | D:2      | Succumbed to an adder's poison

Vault maps used:
D:1:      shiori_arrival_maze

Skill      XL: |  1  2 |
---------------+-------+-----
Spellcasting   | 3 |  3.5
Fighting       | 1 |  1.0
Maces & Flails | |  0.1
Dodging        | |  2.1
Stealth        | |  2.1
Conjurations   | |  4.5

Action                   || total
-------------------------++-------
Melee: Club              ||    14
       Unarmed           ||     3
       Dagger            ||    23
 Cast: Magic Dart        ||    22
       Searing Ray       ||     2
  Use: Potion            ||     1
 Stab: Sleeping          ||     5
       Distracted        ||     1
  Eat: Chunk             ||     2
Armor: Robe              ||     6
Dodge: Dodged            ||    25
